 Seeded DCSS version 0.24.0 (webtiles) character file.

Game seed: 20200321, levelgen mode: deterministic

34 Auros the Vandal (level 3, -4/22 HPs)
             Began as a Halfling Arcane Marksman on Mar 21, 2020.
             Slain by an adder (5 damage)
             ... on level 1 of the Dungeon.
             The game lasted 00:04:46 (770 turns).

Auros the Vandal (Halfling Arcane Marksman)          Turns: 770, Time: 00:04:48

Health: -4/22      AC:  2    Str: 16    XL:     3   Next: 50%
Magic:  3/4        EV: 15    Int: 12    God:
Gold:   44         SH:  0    Dex: 14    Spells: 0/4 levels left

rFire    . . .     SeeInvis .   f - +0 short sword
rCold    . . .     Gourm    .   (shield restricted)
rNeg     . . .     Faith    .   e - +0 robe
rPois    .         Spirit   .   (no helmet)
rElec    .         Reflect  .   (no cloak)
rCorr    .         Harm     .   (no gloves)
MR       .....                  (no boots)
Stlth    +.........             (no amulet)
HPRegen  0.07/turn              (no ring)
MPRegen  0.09/turn              (no ring)

@: mighty, lethally poisoned (-4 -> -22)
A: small, mutation resistance 1
a: no special abilities


You were on level 1 of the Dungeon.
You were not hungry.

You visited 1 branch of the dungeon, and saw 2 of its levels.

You collected 44 gold pieces.

Inventory:

Hand Weapons
 a - a +0 hunting sling
 f - a +0 short sword (weapon)
Missiles
 d - 13 sling bullets
 j - 22 arrows
 Z - 41 stones (quivered)
Armour
 e - a +0 robe (worn)
Jewellery
 g - an uncursed amulet of guardian spirit {unknown}
Scrolls
 c - a scroll of magic mapping {unknown}
 h - a scroll of identify {unknown}
 l - a scroll of fog {unknown}
Potions
 k - a potion of curing {unknown}
 m - a potion of brilliance {unknown}
Comestibles
 b - a chunk of flesh
 z - 4 rations


   Skills:
 - Level 0.8 Fighting
 + Level 5.1 Slings
 - Level 2.1 Dodging
 - Level 1.0 Spellcasting
 - Level 2.4 Hexes
 + Level 0.9 Translocations


You couldn't memorise any spells.
You knew the following spells:

 Your Spells              Type           Power        Failure   Level  Hunger
a - Corona                Hex            #......      12%         1    ##.....
b - Portal Projectile     Hex/Tloc       #.....       43%         3    ####...

Your spell library contained the following spells:

 Spells                   Type           Power        Failure   Level  Hunger
 Slow                     Hex            #.......     17%         2    ###....
 Inner Flame              Hex/Fire       #.......     50%         3    ####...
 Cause Fear               Hex            #.........   75%         4    #####..
 Leda's Liquefaction      Hex/Erth       #.........   88%         4    #####..


Dungeon Overview and Level Annotations

Branches:
Dungeon (2/15)

Altars:


Innate Abilities, Weirdness & Mutations

You are small and have problems with some larger weapons.
You are somewhat resistant to further mutation.


Message History

Aiming: Corona (safe; 12% risk of failure)
Press: ? - help, Shift-Dir - straight line, f - adder
Aim: an adder (chance to defeat MR: 50%)
The adder is outlined in light.
You feel sick. The adder barely misses you.
You completely miss the adder. The adder misses you.
The adder barely misses you.
You hit the adder.
The adder is moderately wounded.
You feel sick. The adder bites you.
* * * LOW HITPOINT WARNING * * *
You are lethally poisoned!
The adder poisons you! The adder closely misses you.
The adder barely misses you.
It was a potion of might.
You feel very mighty all of a sudden. The adder bites you.
* * * LOW HITPOINT WARNING * * *
You are more poisoned.
The adder poisons you! The adder bites you.
You die...

##.....##.# #..# #.....##.
##.....##)###..### #######......##
##................###.......#..#.##
........##........#.....#####.....#
.##.....######......#.### #......
######### #......#.## ###....
#.........# ###..#.
#....)....######......
#..S@.......##...####.
####.##S#.........######.
##......h#.....#....# #...
##......>.).##...#.#.###.##
#####...........###....#.##..#
##...............# #.......#.###
##................# #.......#.#.. #
#................######.#........ #
#...........#.......###.##......#


You could see 2 adders and a jackal.

Vanquished Creatures
  3 dart slugs (D:1)
  A leopard gecko (D:1)
  A giant cockroach (D:1)
  2 hobgoblins (D:1)
  3 jackals (D:1)
  5 kobolds (D:1)
  3 bats (D:1)
  A frilled lizard (D:1)
  3 goblins (D:1)
  5 rats (D:1)
27 creatures vanquished.

Notes
Turn   | Place    | Note
-------+----------+-------------------------------------------
     0 | D:1      | Auros the Halfling Arcane Marksman began the quest for the
                  | Orb.
     0 | D:1      | Reached XP level 1. HP: 12/12 MP: 2/2
    16 | D:1      | Reached XP level 2. HP: 18/18 MP: 3/3
    19 | D:1      | Reached skill level 4 in Slings
   261 | D:1      | Reached XP level 3. HP: 22/22 MP: 4/4
   266 | D:1      | Learned a level 3 spell: Portal Projectile
   336 | D:1      | Reached skill level 5 in Slings
   770 | D:1      | HP: 1/22 [adder (5)]
   770 | D:1      | Slain by an adder

Levels and vault maps discovered:
D:1:      saegor_arrival_simple_c, layout_rooms
D:2:      layout_rooms, marbit_many_paths, uniq_jessica
